 Dungeon Crawl Stone Soup version 0.31-a0-195-g7586a6f1e9 (webtiles) character file.

Game seed: 5229174561969319593

53 qw the Shooter (level 3, 0/20 HPs)
             Began as a Deep Elf Hunter on June 24, 2023.
             Slain by Sigmund
             ... wielding a +0 scythe
              (6 damage)
             ... on level 2 of the Dungeon.
             The game lasted 00:00:28 (1442 turns).

qw the Shooter (Deep Elf Hunter)                    Turns: 1442, Time: 00:00:29

Health: 0/20       AC:  4    Str: 10    XL:     3   Next: 62%
Magic:  5/5        EV: 12    Int: 13    God:
Gold:   62         SH:  0    Dex: 18    Spells: 2/2 levels left

rFire   . . .        Y - +0 shortbow
rCold   . . .        (shield currently unavailable)
rNeg    . . .        c - +0 leather armour
rPois   .            d - +0 helmet
rElec   .            (no cloak)
rCorr   .            (no gloves)
SInv    .            (no boots)
Will    .....        (no amulet)
Stlth   ++           (no ring)
HPRegen 0.23/turn    (no ring)
MPRegen 0.09/turn

%: no passive effects
@: about to teleport
A: no striking features
a: no special abilities


You were on level 2 of the Dungeon.
You visited 1 branch of the dungeon, and saw 2 of its levels.

You collected 118 gold pieces.
You spent 56 gold pieces at shops.


   Skills:
 - Level 1.5 Fighting
 + Level 7.1 Ranged Weapons
 - Level 2.4 Dodging
 - Level 1.2 Stealth


You had 2 spell levels left.
You didn't know any spells.
Your spell library was empty.

Inventory:

Hand Weapons
 Y - a +0 shortbow (weapon)
Armour
 c - a +0 leather armour (worn)
 d - a +0 helmet (worn)
 i - a +0 pair of gloves
 m - a +0 scale mail
Jewellery
 l - a +5 ring of evasion
Scrolls
 a - 5 scrolls of identify
 j - a scroll of immolation {unknown}
 n - a scroll of noise {unknown}
 o - a scroll of amnesia {unknown}
Potions
 b - 2 potions of haste {unknown}
 e - a potion of degeneration {unknown}
 f - a potion of heal wounds {unknown}
 h - a potion of mutation {unknown}
 k - a potion of lignification {unknown}
 p - a potion of cancellation {unknown}

Dungeon Overview and Level Annotations

Branches:
Dungeon (2/15)

Altars:
Cheibriados
The Shining One

Shops:
D:1 [   D:2 ??!

Annotations:
D:2 Sigmund


Message History

Enter note:
Enter note:
Enter note:
Enter note:
Enter note:
Enter note:
Enter note: You shoot an arrow.
The arrow hits Sigmund.
Sigmund shouts!
Sigmund is lightly wounded.
You shoot an arrow. The arrow barely misses Sigmund.
You shoot an arrow. The arrow barely misses Sigmund.
You shoot an arrow. The arrow barely misses Sigmund.
Sigmund closely misses you.
You shoot an arrow. The arrow barely misses Sigmund.
Sigmund says, "Look into my eyes."
Sigmund hits you from afar with a +0 scythe.
You shoot an arrow. The arrow hits Sigmund.
Sigmund is moderately wounded.
You shoot an arrow. The arrow hits Sigmund!
Sigmund is severely wounded.
Sigmund hits you from afar with a +0 scythe!
Ouch! That really hurt!
Enter note:
Enter note:
Enter note:
Enter note:
Enter note:
Enter note:
Enter note:
Enter note:
Enter note:
Enter note:
Enter note:
Enter note:
1442 ||| READING scroll of teleportation.
As you read the scroll of teleportation, it crumbles to dust.
You feel strangely unstable.
Sigmund hits you from afar with a +0 scythe.
You die...

# #. # #. # #. # #.
# #. # #@ #
#.#################
#.@................
###################
#... #.## #.# #.##
#... #[## ###


You could see Sigmund.

Vanquished Creatures
  An adder (D:2)
  A worm (D:2)
  A dart slug (D:1)
  2 ball pythons (D:1)
  An endoplasm (D:2)
  2 giant cockroaches (D:1)
  6 goblins
  5 hobgoblins (D:1)
  2 jackals (D:1)
  A quokka (D:1)
  3 bats
  6 frilled lizards
  3 kobolds
  2 rats (D:1)
36 creatures vanquished.

Notes
Turn   | Place    | Note
-------+----------+-------------------------------------------
     0 | D:1      | qw the Deep Elf Hunter began the quest for the Orb.
     0 | D:1      | Reached XP level 1. HP: 12/12 MP: 3/3
     0 | D:1      | 0 ||| qw: Version: 0.3-a-9-g12657ce
     0 | D:1      | 0 ||| qw: Game counter: 4728
     0 | D:1      | 0 ||| qw: Always use a shield: true
     0 | D:1      | 0 ||| qw: God list: Okawaru
     0 | D:1      | 0 ||| qw: Allow faded altars: false
     0 | D:1      | 0 ||| qw: Do Orc after D:15 true
     0 | D:1      | 0 ||| qw: Do second Lair branch before Depths: true
     0 | D:1      | 0 ||| qw: Lair rune preference: random
     0 | D:1      | 0 ||| qw: Plans: Normal
     0 | D:1      | 0 ||| PLANNING D:1-11
    72 | D:1      | Found Vaepn's Antique Armour Shoppe.
    75 | D:1      | 75 ||| SHOPLISTING embroidered robe (85 gold, have 8).
    75 | D:1      | 75 ||| SHOPLISTING glowing ring mail (161 gold, have 8).
    75 | D:1      | 75 ||| SHOPLISTING ring mail (92 gold, have 8).
    75 | D:1      | 75 ||| SHOPLISTING scale mail (92 gold, have 8).
    75 | D:1      | 75 ||| SHOPLISTING shiny pearl dragon scales (2348 gold,
                  | have 8).
    75 | D:1      | 75 ||| SHOPLISTING slimy cloak (218 gold, have 8).
   102 | D:1      | Reached XP level 2. HP: 12/16 MP: 4/4
   141 | D:1      | Reached skill level 6 in Ranged Weapons
   366 | D:1      | Found a glowing golden altar of the Shining One.
   509 | D:1      | Reached XP level 3. HP: 20/20 MP: 5/5
   652 | D:1      | 652 ||| UPGRADING to +0 helmet.
   657 | D:1      | 657 ||| READING 2 scrolls labelled HEWUEV GASERE.
   658 | D:1      | 658 ||| READING 2 scrolls labelled VUKHOPRYURR.
   663 | D:1      | 663 ||| DROPPING scroll of butterflies.
   687 | D:2      | Found a snail-covered altar of Cheibriados.
   695 | D:2      | Found Sinnul's Magic Scroll Boutique.
   703 | D:2      | 703 ||| SHOPLISTING 3 scrolls of acquirement (2184 gold,
                  | have 66).
   703 | D:2      | 703 ||| SHOPLISTING scroll of brand weapon (133 gold, have
                  | 66).
   703 | D:2      | 703 ||| BUYING scroll of identify (28 gold).
   703 | D:2      | Bought a scroll of identify for 28 gold pieces
   703 | D:2      | 703 ||| BUYING scroll of identify (28 gold).
   703 | D:2      | Bought a scroll of identify for 28 gold pieces
   703 | D:2      | 703 ||| SHOPLISTING scroll of teleportation (42 gold, have
                  | 10).
   810 | D:2      | Found Plog's Magic Scroll Shoppe.
   820 | D:2      | 820 ||| SHOPLISTING scroll of identify (28 gold, have 10).
   820 | D:2      | 820 ||| SHOPLISTING scroll of teleportation (42 gold, have
                  | 10).
   940 | D:2      | Reached skill level 7 in Ranged Weapons
  1135 | D:2      | Found Nuos's Distillery.
  1153 | D:2      | 1153 ||| SHOPLISTING potion of heal wounds (65 gold, have
                  | 47).
  1153 | D:2      | 1153 ||| SHOPLISTING potion of resistance (130 gold, have
                  | 47).
  1434 | D:2      | Noticed Sigmund
  1441 | D:2      | HP: 5/20 [Sigmund/+0 scythe (10)]
  1442 | D:2      | 1442 ||| READING scroll of teleportation.
  1442 | D:2      | Slain by Sigmund

Levels and vault maps discovered:
D:1:      saegor_arrival_simple_d, layout_loops_ring, serial_shops,
          nicolae_shop_tiny_real_fake_doors, minmay_hexomino_r4
D:2:      layout_basic, basic_altar, serial_shops, nicolae_shop_tiny_waterfront,
          nicolae_shop_overgrown_old_shop, nicolae_shop_tiny_glass, shop,
          uniq_sigmund

Skill      XL: |  1  2  3 |
---------------+----------+-----
Ranged Weapons | 6 7 |  7.1
Fighting       | |  1.5
Dodging        | |  2.4
Stealth        | |  1.2

Action                     || total
---------------------------++-------
   Fire: Shortbow          ||    98
    Use: Scroll            ||     3
 Armour: Leather armour    ||     3
  Dodge: Dodged            ||     9

Table legend:
 A = Non-vault XP
 B = Vault XP
 C = Vault XP percentage of total XP
 D = Non-vault monster count
 E = Vault monster count
 F = Vault count percentage of total count
                 A         B        C        D         E       F
            +---------+---------+-------+---------+---------+-------
      Total |      72 |       4 |   5.3 |      34 |       2 |   5.6
            +---------+---------+-------+---------+---------+-------
        D:1 |      40 |       4 |   9.1 |      23 |       2 |   8.0
        D:2 |      32 |       0 |   0.0 |      11 |       0 |   0.0
            +---------+---------+-------+---------+---------+-------
